 Dungeon Crawl Stone Soup version 0.29.0-4-gdea44cf6ec (webtiles) character file.

Game seed: 7041070535482935401

28 qw the Chopper (level 3, -3/31 HPs)
             Began as a Minotaur Berserker on Sept 10, 2022.
             Was a Follower of Trog.
             Slain by Sigmund
             ... wielding a +0 scythe
              (10 damage)
             ... on level 2 of the Dungeon.
             The game lasted 00:00:26 (1384 turns).

qw the Chopper (Minotaur Berserker)                 Turns: 1384, Time: 00:00:26

Health: -3/31      AC:  6    Str: 23    XL:     3   Next: 0%
Magic:  2/2        EV: 10    Int:  4    God:    Trog [*.....]
Gold:   64         SH:  0    Dex:  9    Spells: 2/2 levels left

rFire   . . .      SeeInvis .   Y - +2 hand axe
rCold   . . .      Faith    .   (no shield)
rNeg    . . .      Spirit   .   f - +0 scale mail
rPois   .          Reflect  .   (helmet restricted)
rElec   .          Harm     .   (no cloak)
rCorr   .          Rampage  .   (no gloves)
Will    .....                   (no boots)
Stlth   ..........              (no amulet)
HPRegen 0.10/turn               (no ring)
MPRegen 0.08/turn               (no ring)

@: on berserk cooldown, slowed, very slow
A: horns 2, retaliatory headbutt
a: Renounce Religion, Berserk


You were on level 2 of the Dungeon.
You worshipped Trog.
Trog was aware of your devotion.
You visited 1 branch of the dungeon, and saw 2 of its levels.

You collected 64 gold pieces.


Innate Abilities, Weirdness & Mutations

You have a pair of horns on your head.
You reflexively headbutt those who attack you in melee.


   Skills:
 - Level 3.6 Fighting
 + Level 5.1 Axes
 - Level 2.4 Armour
 - Level 2.1 Dodging


You had 2 spell levels left.
You didn't know any spells.
Your spell library was empty.

Inventory:

Hand Weapons
 Y - a +2 hand axe (weapon)
Armour
 f - a +0 scale mail (worn)
Scrolls
 a - a scroll of summoning {unknown}
 i - a scroll of identify
Potions
 g - a potion of curing {unknown}

Dungeon Overview and Level Annotations

Branches:
Dungeon (2/15)

Altars:

Annotations:
D:2 Sigmund


Message History

You kill the hobgoblin!
Trog accepts your kill.
You have reached level 3!
Your experience leads to an increase in your attributes!
Increase (S)trength, (I)ntelligence, or (D)exterity?
You feel stronger. x2
Found a scroll labelled QIHIN LEWIANO.
Sigmund mumbles some strange words.
Sigmund flickers and vanishes!
Deactivating autopickup; reactivate with Ctrl-A.
You see here 7 gold pieces.
You're too confused to attack without stumbling around!
There is a strange disturbance nearby!
You feel a strong urge to attack something.
You're too confused to attack without stumbling around!
There is a strange disturbance nearby!
Something hits you.
You're too confused to attack without stumbling around!
There is a strange disturbance nearby!
You feel your anger nearly subside.
You are no longer berserk.
You are exhausted.
You feel yourself slow down.
You're too confused to attack without stumbling around!
There is a strange disturbance nearby!
Something hits you.
You're too confused to attack without stumbling around!
There is a strange disturbance nearby!
You feel less confused. Something hits you but does no damage.
You miss something. Your headbutt misses something. Something hits you!
You closely miss something. Something hits you but does no damage.
You miss something. You headbutt something.
You hear some strange, mumbled words.
A magic dart appears from out of thin air!
The magic dart hits you. Something hits you.
You barely miss something. Your headbutt misses something. Something hits you!
You die...

#.. #.###
#..# #.#
#..# #.#
#..# #.#
####..####.#
.....?..##.#
###.....##.#
#..........#
.#.{@.!####
#...%.#
......#.###
.##.#.#.# #
? ... ......
#......#
#..###.# #..
##


There were no monsters in sight!

Vanquished Creatures
  A ball python (D:1)
  3 bats (D:1)
  3 endoplasms (D:1)
  2 giant cockroaches
  4 goblins (D:1)
  3 hobgoblins
  A kobold (D:1)
  2 quokkas (D:1)
  A frilled lizard (D:1)
  4 rats (D:1)
24 creatures vanquished.

Notes
Turn   | Place    | Note
-------+----------+-------------------------------------------
     0 | D:1      | qw the Minotaur Berserker began the quest for the Orb.
     0 | D:1      | Reached XP level 1. HP: 19/19 MP: 0/0
     0 | D:1      | 0 ||| qw: Version: 0.1-a-116-g5d60599
     0 | D:1      | 0 ||| qw: Game counter: 7465
     0 | D:1      | 0 ||| qw: Always use a shield: true
     0 | D:1      | 0 ||| qw: Do Orc after D:15 true
     0 | D:1      | 0 ||| qw: Do second Lair branch before Depths: true
     0 | D:1      | 0 ||| qw: Lair rune preference: random
     0 | D:1      | 0 ||| qw: Plans: Normal
     0 | D:1      | 0 ||| PLANNING D:1-11
   108 | D:1      | Reached skill level 4 in Axes
   330 | D:1      | Reached XP level 2. HP: 26/26 MP: 1/1
   447 | D:1      | 447 ||| Stepping ~*~*~tactically~*~*~ (stealth).
  1007 | D:1      | Found a faded altar of an unknown god.
  1007 | D:1      | Noticed a shining eye
  1016 | D:1      | Reached skill level 5 in Axes
  1039 | D:1      | Noticed an eye of devastation
  1039 | D:1      | Noticed a floating eye
  1039 | D:1      | Noticed an eye of devastation
  1208 | D:1      | 1208 ||| UPGRADING to +0 ring mail.
  1218 | D:1      | 1218 ||| DROPPING +0 animal skin.
  1219 | D:1      | 1219 ||| UPGRADING to +0 scale mail.
  1229 | D:1      | 1229 ||| DROPPING +0 ring mail.
  1230 | D:1      | 1230 ||| READING scroll labelled LIVESE YHICRU.
  1231 | D:1      | 1231 ||| READING scroll labelled RIAHUKL RABITS.
  1232 | D:1      | 1232 ||| READING 3 scrolls labelled XEWUTHRO LAGU.
  1233 | D:1      | 1233 ||| READING scroll labelled PEDISUD QOYPH.
  1234 | D:1      | 1234 ||| READING 2 scrolls of identify.
  1234 | D:1      | 1234 ||| IDENTIFYING viscous sapphire potion
  1235 | D:1      | 1235 ||| DROPPING potion of lignification.
  1315 | D:2      | 1315 ||| READING scroll of enchant weapon.
  1315 | D:2      | 1315 ||| ENCHANTING +1 hand axe.
  1368 | D:2      | Noticed Sigmund
  1371 | D:2      | 1371 ||| INVOKING Berserk.
  1375 | D:2      | Reached XP level 3. HP: 31/31 MP: 2/2
  1383 | D:2      | HP: 7/31 [something (4)]
  1384 | D:2      | Slain by Sigmund

Levels and vault maps discovered:
D:1:      amcnicky_arrival_wind_blow, layout_loops_corners,
          hellmonk_ecumenical_altar_watching_god
D:2:      layout_loops_ring, uniq_sigmund, uniq_natasha

Skill      XL: |  1  2 |
---------------+-------+-----
Axes           | 4 5 |  5.1
Fighting       | |  3.6
Armour         | |  2.4
Dodging        | |  2.1

Action                   || total
-------------------------++-------
Melee: Hand axe          ||    61
       Headbutt          ||     6
       Punch             ||     1
Invok: Berserk           ||     1
  Use: Scroll            ||     6
Armor: Animal skin       ||     7
       Scale mail        ||     2
Dodge: Dodged            ||    33

Table legend:
 A = Non-vault XP
 B = Vault XP
 C = Vault XP percentage of total XP
 D = Non-vault monster count
 E = Vault monster count
 F = Vault count percentage of total count
                 A         B        C        D         E       F
            +---------+---------+-------+---------+---------+-------
      Total |      41 |       0 |   0.0 |      24 |       0 |   0.0
            +---------+---------+-------+---------+---------+-------
        D:1 |      37 |       0 |   0.0 |      22 |       0 |   0.0
        D:2 |       4 |       0 |   0.0 |       2 |       0 |   0.0
            +---------+---------+-------+---------+---------+-------
